 Dungeon Crawl Stone Soup version 0.31-a0-222-gefeffbb62a (webtiles) character file.

Game seed: 16739925397531531702

469 qw the Chopper (level 7, 0/44 HPs)
             Began as a Gargoyle Fighter on July 4, 2023.
             Slain by a black bear (2 damage)
             ... on level 5 of the Dungeon.
             The game lasted 00:02:14 (3938 turns).

qw the Chopper (Gargoyle Fighter)                   Turns: 3938, Time: 00:02:15

Health: 0/44       AC: 12    Str: 21    XL:     7   Next: 9%
Magic:  7/7        EV:  8    Int:  9    God:
Gold:   73         SH: 15    Dex:  9    Spells: 6/6 levels left

rFire   . . .        Y - +3 war axe
rCold   . . .        g - +2 kite shield
rNeg    + . .        b - +0 scale mail
rPois   inf          (no helmet)
rElec   +            f - +0 cloak
rCorr   .            (no gloves)
SInv    .            (no boots)
Will    +....        l - amulet of reflection Stlth
                     c - ring of willpower
HPRegen 0.27/turn    (no ring)
MPRegen 0.10/turn

%: reflection
@: no status effects
A: sickness immunity, AC +4, negative energy resistance 1, electricity
resistance, torment resistance 1, petrification resistance
a: no special abilities


You were on level 5 of the Dungeon.
You visited 1 branch of the dungeon, and saw 5 of its levels.

You collected 131 gold pieces.
You spent 58 gold pieces at shops.


Innate Abilities, Weirdness & Mutations

You are immune to sickness and miasma.
Your stone body is resilient. (AC +4)
You are immune to poison.
You resist negative energy. (rN+)
You are resistant to electric shocks. (rElec)
You are resistant to unholy torment.
You are immune to petrification.


   Skills:
 - Level 4.5 Fighting
 - Level 5.1 Axes
 - Level 3.2 Armour
 - Level 1.0 Dodging
 + Level 5.0 Shields


You had 6 spell levels left.
You didn't know any spells.
Your spell library was empty.

Inventory:

Hand Weapons
 s - a +0 flail
 Y - a +3 war axe (weapon)
Armour
 b - a +0 scale mail (worn)
 f - a +0 cloak (worn)
 g - a +2 kite shield (worn)
Jewellery
 c - a ring of willpower (left hand)
 l - an amulet of reflection (around neck)
Scrolls
 h - a scroll of identify
Potions
 a - a potion of enlightenment
 d - a potion of might
 e - a potion of cancellation
 i - a potion of lignification {unknown}
 k - a potion of haste
 m - a potion of ambrosia {unknown}
 n - a potion of heal wounds {unknown}
 o - a potion of brilliance {unknown}
 p - a potion of attraction {unknown}
 r - a potion of mutation {unknown}

Dungeon Overview and Level Annotations

Branches:
Dungeon (5/15)
 Temple: D:4-7

Altars:
Ashenzari
Elyvilon
Fedhas
Gozag
Qazlal

Shops:
D:3 *

Annotations:
D:3 exclusion: 6 orcs
D:4 2 runed translucent doors, qw's ghost, amateur GrHs


Message History

The black bear misses you.
The black bear claws you but does no damage.
You block the black bear's attack. x3; The black bear completely misses you.
You hit the black bear.
The black bear is severely wounded.
The black bear goes berserk!
You hit the black bear but do no damage.
The black bear is severely wounded.
You block the black bear's attack.
The black bear claws you but does no damage. x2
The black bear bites you! The black bear claws you.
You block the black bear's attack.
You barely miss the black bear.
The black bear is severely wounded.
You block the black bear's attack. x3; The black bear bites you!
The black bear claws you. x2
You barely miss the black bear.
The black bear is severely wounded.
The black bear bites you but does no damage.
The black bear claws you but does no damage.
You block the black bear's attack. x2; The black bear barely misses you.
The black bear claws you.
You slash the black bear!
The black bear is almost dead.
You block the black bear's attack. The black bear barely misses you.
You block the black bear's attack.
The black bear bites you but does no damage.
The black bear claws you.
The black bear claws you but does no damage.
You barely miss the black bear.
The black bear is almost dead.
The black bear bites you! You block the black bear's attack. x3
The black bear claws you. The black bear misses you.
You barely miss the black bear.
The black bear is almost dead.
You block the black bear's attack. The black bear claws you. x2
You block the black bear's attack.
The black bear claws you but does no damage.
The black bear claws you.
You die...

########.# #.# #.#
.........# #.# #.#
########.# #.######.#
#.#### #....<##.#
#....###.###.##.#
#...............#
#.##.###.###.####
###.##...#.###.########
..........)@h....#......
##........#.........#
#........#.###...#.#
#....#+##........#.#
...... ....###.#.#.#
...... ##..# #.#.#.#
...... #..# #.#.#.####
... #..#####......#
..#....:.....#


You could see a black bear (berserk).

Vanquished Creatures
  A phantom (D:5)
  A howler monkey (D:4)
  4 hounds
  2 iguanas (D:4)
  An orc wizard (D:5)
  7 adders
  2 dart slugs
  A worm (D:4)
  3 orcs (D:5)
  7 bats
  14 endoplasms
  2 giant cockroaches
  5 goblins
  7 hobgoblins
  11 kobolds
  7 quokkas
  9 ball pythons
  4 frilled lizards
  7 rats
95 creatures vanquished.

Notes
Turn   | Place    | Note
-------+----------+-------------------------------------------
     0 | D:1      | qw the Gargoyle Fighter began the quest for the Orb.
     0 | D:1      | Reached XP level 1. HP: 14/14 MP: 1/1
     0 | D:1      | 0 ||| qw: Version: 0.3-a-46-gb1f654a
     0 | D:1      | 0 ||| qw: Game counter: 886
     0 | D:1      | 0 ||| qw: Melee chars always use a shield: true
     0 | D:1      | 0 ||| qw: God list: Okawaru
     0 | D:1      | 0 ||| qw: Allow faded altars: false
     0 | D:1      | 0 ||| qw: Do Orc after clearing Dungeon:15 true
     0 | D:1      | 0 ||| qw: Do second Lair branch before Depths: true
     0 | D:1      | 0 ||| qw: Lair rune preference: random
     0 | D:1      | 0 ||| qw: Goals: Normal, Zot:1-4, Slime:5, God:TSO, Crypt,
                  | Tomb, Abyss, Pan, Hells, Win
     0 | D:1      | 0 ||| PLANNING D:1-11
    87 | D:1      | Reached XP level 2. HP: 19/19 MP: 2/2
   438 | D:1      | Reached skill level 3 in Axes
   479 | D:1      | Reached XP level 3. HP: 20/23 MP: 3/3
   854 | D:1      | 854 ||| READING scroll labelled PEISILO WEIS.
   855 | D:1      | 855 ||| READING scroll labelled PYENOR NYSE.
   856 | D:1      | 856 ||| READING scroll labelled QECOOFIGUB.
   942 | D:2      | 942 ||| DROPPING +0 club.
  1073 | D:2      | 1073 ||| FLEEEEING.
  1074 | D:2      | 1074 ||| FLEEEEING.
  1075 | D:2      | 1075 ||| FLEEEEING.
  1076 | D:2      | 1076 ||| FLEEEEING.
  1077 | D:2      | 1077 ||| FLEEEEING.
  1078 | D:2      | 1078 ||| FLEEEEING.
  1079 | D:2      | 1079 ||| FLEEEEING.
  1119 | D:2      | Found a stormy altar of Qazlal.
  1122 | D:2      | 1122 ||| DROPPING +0 whip.
  1163 | D:2      | Reached XP level 4. HP: 28/28 MP: 4/4
  1535 | D:2      | 1535 ||| UPGRADING to amulet of reflection.
  1540 | D:2      | 1540 ||| READING scroll labelled EBREEMO UDULA.
  1557 | D:2      | 1557 ||| READING 2 scrolls labelled NOPTAVVOSOUPP.
  1558 | D:2      | 1558 ||| READING scroll of enchant weapon.
  1558 | D:2      | 1558 ||| ENCHANTING +1 war axe.
  1559 | D:2      | 1559 ||| DRINKING 2 glowing red potions.
  1560 | D:2      | 1560 ||| DRINKING 2 fuming inky potions.
  1561 | D:2      | 1561 ||| READING 2 scrolls of identify.
  1561 | D:2      | 1561 ||| IDENTIFYING sedimented cyan potion
  1562 | D:2      | 1562 ||| DROPPING potion of invisibility.
  1563 | D:2      | 1563 ||| DROPPING potion of degeneration.
  1664 | D:3      | Found an opulent altar of Gozag.
  1665 | D:3      | Found Xaamiud's General Store.
  1699 | D:3      | 1699 ||| BUYING +0 cloak (58 gold).
  1699 | D:3      | Bought a +0 cloak for 58 gold pieces
  1699 | D:3      | 1699 ||| SHOPLISTING potion of heal wounds (65 gold, have
                  | 9).
  1699 | D:3      | 1699 ||| SHOPLISTING scroll of brand weapon (123 gold, have
                  | 9).
  1701 | D:3      | 1701 ||| UPGRADING to +0 cloak.
  1912 | D:3      | Found a faded altar of an unknown god.
  2217 | D:3      | Found a faded altar of an unknown god.
  2262 | D:3      | 2262 ||| UPGRADING to +2 kite shield.
  2272 | D:3      | 2272 ||| DROPPING +0 buckler.
  2286 | D:4      | Found a blossoming altar of Fedhas.
  2296 | D:4      | 2296 ||| STAIRDANCE
  2300 | D:3      | Reached XP level 5. HP: 25/32 MP: 5/5
  2518 | D:4      | 2518 ||| READING scroll of enchant weapon.
  2518 | D:4      | 2518 ||| ENCHANTING +2 war axe.
  2555 | D:4      | 2555 ||| UPGRADING to ring of willpower.
  2556 | D:4      | 2556 ||| READING 2 scrolls labelled DOERPH JOKIUCS.
  2557 | D:4      | 2557 ||| READING scroll labelled GUNLIRGH UNEESM.
  2558 | D:4      | 2558 ||| READING 2 scrolls of identify.
  2558 | D:4      | 2558 ||| IDENTIFYING sedimented orange potion
  2559 | D:4      | 2559 ||| DROPPING scroll of fear.
  2565 | D:4      | 2565 ||| STAIRDANCE
  2566 | D:3      | Found a white marble altar of Elyvilon.
  2582 | D:4      | Found a large runed translucent door.
  2582 | D:4      | Found a large runed translucent door.
  2583 | D:4      | Noticed qw's ghost (amateur GrHs)
  2592 | D:4      | 2592 ||| Stepping ~*~*~tactically~*~*~ (hiding).
  2609 | D:4      | Reached XP level 6. HP: 35/37 MP: 6/6
  3249 | D:4      | Found a broken altar of Ashenzari.
  3571 | D:4      | 3571 ||| READING scroll labelled BATYGO HUE.
  3572 | D:4      | 3572 ||| DRINKING 2 golden potions.
  3607 | D:5      | Entered Level 5 of the Dungeon
  3672 | D:5      | Reached XP level 7. HP: 44/44 MP: 7/7
  3682 | D:5      | 3682 ||| Stepping ~*~*~tactically~*~*~ (stealth).
  3683 | D:5      | 3683 ||| DROPPING +0 mace.
  3684 | D:5      | 3684 ||| Stepping ~*~*~tactically~*~*~ (stealth).
  3685 | D:5      | 3685 ||| Stepping ~*~*~tactically~*~*~ (stealth).
  3716 | D:5      | 3716 ||| FLEEEEING.
  3719 | D:5      | 3719 ||| FLEEEEING.
  3720 | D:5      | 3720 ||| FLEEEEING.
  3721 | D:5      | 3721 ||| FLEEEEING.
  3722 | D:5      | 3722 ||| FLEEEEING.
  3723 | D:5      | 3723 ||| FLEEEEING.
  3736 | D:5      | 3736 ||| FLEEEEING.
  3737 | D:5      | 3737 ||| FLEEEEING.
  3738 | D:5      | 3738 ||| FLEEEEING.
  3739 | D:5      | 3739 ||| FLEEEEING.
  3740 | D:5      | 3740 ||| FLEEEEING.
  3741 | D:5      | 3741 ||| FLEEEEING.
  3742 | D:5      | 3742 ||| FLEEEEING.
  3743 | D:5      | 3743 ||| FLEEEEING.
  3744 | D:5      | 3744 ||| FLEEEEING.
  3745 | D:5      | 3745 ||| FLEEEEING.
  3746 | D:5      | 3746 ||| FLEEEEING.
  3747 | D:5      | 3747 ||| FLEEEEING.
  3748 | D:5      | 3748 ||| FLEEEEING.
  3749 | D:5      | 3749 ||| FLEEEEING.
  3750 | D:5      | 3750 ||| FLEEEEING.
  3751 | D:5      | 3751 ||| STAIRDANCE
  3833 | D:4      | 3833 ||| READING 3 scrolls labelled ZELOAT JUXZERGH.
  3834 | D:4      | 3834 ||| DROPPING 2 scrolls of revelation.
  3916 | D:5      | Reached skill level 1 in Dodging
  3937 | D:5      | HP: 10/44 [black bear (9)]
  3938 | D:5      | HP: 2/44 [black bear (4)]
  3938 | D:5      | Slain by a black bear

Levels and vault maps discovered:
D:1:      dpeg_arrival_renting, layout_loops_ring, minmay_misc_feat_diagonals,
          st_stairs_10
D:2:      layout_loops_cross, basic_altar
D:3:      layout_basic, nicolae_overflow_ecumenical_swirl,
          mainiacjoe_overflow_concentric_impassable, serial_shops, shop,
          ebering_ecumenical_altar_hall
D:4:      kennysheep_six_static_rooms, layout_layer_cave,
          overflow_temple_1_default, mainiacjoe_overflow_alcove_2,
          ebering_ghost_disaster_area, feat_on_display
D:5:      layout_basic, gammafunk_temple_overflow_claw, kennysheep_small_spiral,
          corexii_checkpoint_a

Skill      XL: |  1  2  3  4  5  6  7 |
---------------+----------------------+-----
Axes           | 2 3 4 5 |  5.1
Shields        | 5 |  5.0
Fighting       | 4 |  4.5
Dodging        | 1 |  1.0
Armour         | |  3.2

Action                     |  1- 3 |  4- 6 |  7- 9 || total
---------------------------+-------+-------+-------++-------
  Melee: War axe           |   114 |   130 |    16 ||   260
    Use: Scroll            |     3 |     9 |     1 ||    13
         Potion            |       |     3 |       ||     3
 Armour: Scale mail        |    41 |    28 |    15 ||    84
  Dodge: Dodged            |    43 |    37 |     6 ||    86
  Block: Buckler           |    19 |    24 |       ||    43
         Kite shield       |       |    63 |    20 ||    83
         Reflection        |       |     2 |       ||     2

Table legend:
 A = Non-vault XP
 B = Vault XP
 C = Vault XP percentage of total XP
 D = Non-vault monster count
 E = Vault monster count
 F = Vault count percentage of total count
                 A         B        C        D         E       F
            +---------+---------+-------+---------+---------+-------
      Total |     553 |     117 |  17.5 |      85 |      10 |  10.5
            +---------+---------+-------+---------+---------+-------
        D:1 |      54 |       6 |  10.0 |      33 |       4 |  10.8
        D:2 |      29 |       0 |   0.0 |      17 |       0 |   0.0
        D:3 |      84 |       0 |   0.0 |      14 |       0 |   0.0
        D:4 |     222 |     111 |  33.3 |      15 |       6 |  28.6
        D:5 |     164 |       0 |   0.0 |       6 |       0 |   0.0
            +---------+---------+-------+---------+---------+-------
